Mulligans vs Sasquatch
Created - March 14, 2021 at 19:59
Goals
|
| Mulligans |
0 |
1 |
0 |
1 |
| Sasquatch |
5 |
2 |
1 |
8 |
|
Shots
|
| Mulligans |
8 |
15 |
16 |
39 |
| Sasquatch |
14 |
9 |
12 |
35 |
|
1st period
1. Sasquatch , Devin Shore 42 (Jujhar Khaira 45, Timo Meier 34) at 10:39
2. Sasquatch , Roope Hintz 5 (Petr Straka 20, Brandon Montour 26) at 12:29
3. Sasquatch , Dylan Sikura 8 (Christoffer Ehn 4, Valentin Zykov 26) at 13:18
4. Sasquatch , Jack Roslovic 7 (Martin Frk 13, Martin Marincin 17) at 18:07
5. Sasquatch , T.J. Tynan 12 (Petr Straka 21, Tony DeAngelo 17) at 18:50 (PP)
Penalties :
Devin Shore (Gat) for Holding Stick (Minor) at 4:28, Valeri Nichushkin (Rep) for Hooking (Minor) at 18:40
2nd period
6. Mulligans , Joonas Donskoi 22 (Reid Boucher 15) at 10:11
7. Sasquatch , Devin Shore 43 (Jujhar Khaira 46) at 12:22 (PP)
8. Sasquatch , Petr Straka 26 (Brandon Montour 27) at 14:21
Penalties :
Reid Boucher (Rep) for Tripping (Minor) at 6:13, Ben Hutton (Rep) for Boarding (Minor) at 12:18
3rd period
9. Sasquatch , Jujhar Khaira 51 (Devin Shore 70) at 5:37
Penalties :
No Penalty
Goalie Stats
Calvin Pickard (Rep), 17 saves from 21 shots - (0.810), L, 16-24-3, 32:30 minutes
Juuse Saros (Rep), 10 saves from 14 shots - (0.714), 27:30 minutes
Joonas Korpisalo (Gat), 38 saves from 39 shots - (0.974), W, 22-16-7, 60:00 minutes
Players Stats for Mulligans
Player Name G A P +/- PIM S H SB GA TA FO MP PP MP PK MP
------------------------------------------------------------------------------------
Anton Lander 0 0 0 -1 0 4 0 0 0 0 12/30 16:29 1:04 1:10
Ben Hutton 0 0 0 -2 2 3 3 2 0 1 0/0 26:53 1:00 1:41
Brandon Carlo 0 0 0 -2 0 2 1 4 1 0 0/0 26:58 1:00 1:45
Brett Seney 0 0 0 -1 0 0 1 1 1 0 0/0 10:51 0:00 0:12
Christian Wolanin 0 0 0 -1 0 0 0 2 1 0 0/0 14:04 0:00 0:32
Conor Garland 0 0 0 -1 0 0 0 0 1 1 0/0 9:38 0:00 0:00
Cristiano Digiacinto 0 0 0 -1 0 2 0 1 0 0 0/0 9:27 0:00 0:00
Darren Dietz 0 0 0 -2 0 2 4 1 0 0 0/0 19:02 0:59 0:00
Ilya Lyubushkin 0 0 0 -2 0 1 3 2 1 0 0/0 19:02 0:59 0:00
Jonny Brodzinski 0 0 0 -1 0 3 0 0 0 0 3/8 10:25 0:00 0:44
Joonas Donskoi 1 0 1 -1 0 4 1 0 1 0 0/0 17:02 0:55 0:00
Logan Shaw 0 0 0 -2 0 4 3 0 1 0 1/2 20:30 0:59 0:07
Maxime Macenauer 0 0 0 -1 0 5 4 1 2 0 7/17 18:27 0:55 1:10
Reid Boucher 0 1 1 0 2 4 1 0 1 0 0/1 16:24 0:55 0:00
Robbie Russo 0 0 0 -1 0 0 2 1 0 1 0/0 14:00 0:00 0:28
Robby Fabbri 0 0 0 -1 0 1 1 1 1 0 2/4 11:32 0:00 0:12
Sven Baertschi 0 0 0 -3 0 3 2 1 0 0 0/0 22:23 1:04 0:51
Valeri Nichushkin 0 0 0 -2 2 1 0 0 0 0 3/8 14:37 0:05 0:00
Players Stats for Sasquatch
Player Name G A P +/- PIM S H SB GA TA FO MP PP MP PK MP
------------------------------------------------------------------------------------
Brandon Montour 0 2 2 2 0 0 2 2 0 1 0/0 23:12 0:59 1:16
Christoffer Ehn 0 1 1 1 0 2 2 2 0 1 6/7 8:25 0:00 1:01
Devin Shore 2 1 3 2 2 3 1 1 0 0 24/38 21:18 1:05 0:00
Dylan Sikura 1 0 1 1 0 1 1 0 0 0 0/1 7:24 0:00 0:00
Ethan Bear 0 0 0 1 0 0 0 2 0 1 0/0 14:56 1:14 0:14
Jack Roslovic 1 0 1 1 0 4 1 0 1 0 4/7 12:49 0:04 0:37
Jacob De La Rose 0 0 0 1 0 2 1 1 0 0 0/0 12:53 0:00 1:01
Jujhar Khaira 1 2 3 2 0 5 3 0 0 0 0/3 21:48 1:05 0:43
Martin Frk 0 1 1 1 0 2 0 1 0 1 0/0 12:11 0:04 0:00
Martin Marincin 0 1 1 2 0 2 3 0 0 0 0/0 22:46 0:00 1:16
Patrick Wey 0 0 0 3 0 1 1 1 1 1 0/0 26:55 1:14 0:00
Petr Straka 1 2 3 1 0 5 1 0 1 0 0/0 17:07 1:04 0:00
Roland McKeown 0 0 0 1 0 1 0 1 0 1 0/0 13:17 0:00 0:29
Roope Hintz 1 0 1 1 0 3 1 0 0 2 1/1 16:52 0:04 0:02
T.J. Tynan 1 0 1 1 0 3 1 1 0 2 7/10 17:15 1:04 0:08
Timo Meier 0 1 1 2 0 0 5 0 0 0 0/3 21:31 1:05 0:13
Tony DeAngelo 0 1 1 1 0 1 1 2 0 1 0/0 18:54 0:59 0:43
Valentin Zykov 0 1 1 1 0 0 1 0 0 0 0/0 8:27 1:04 0:13
3 Stars
1 - Joonas Korpisalo (Gat)
2 - Jujhar Khaira (Gat)
3 - Devin Shore (Gat)
Power Play
Mulligans - 0 on 1 Attempt(s) - 0.00%
Sasquatch - 2 on 3 Attempt(s) - 66.67%
Penalty Kill
Mulligans - 1 on 3 Attempt(s) - 33.33%
- Score 0 goal in Penalty Kill
Sasquatch - 1 on 1 Attempt(s) - 100.00%
- Score 0 goal in Penalty Kill
Team Stat
Mulligans - Hits : 26 - Faceoff Wins : 28 - Blocked Shots : 17 - Penalty Minutes : 6
Sasquatch - Hits : 25 - Faceoff Wins : 42 - Blocked Shots : 14 - Penalty Minutes : 2
Official
Referees : Unknown
Linesman : Unknown
Game Notes
Juuse Saros enters game at 18:07 of 1st period
Anton Lander is injured at 5:35 of 3rd period (Sore Right Knee)
Calvin Pickard enters game at 5:37 of 3rd period
Finance
Level 1 -- Attendance: 1369 (68.45%) -- Ticket Income $54,760
Level 2 -- Attendance: 733 (73.30%) -- Ticket Income $14,660
Total Attendance: 2102 (70.07%)
Total Ticket Income: $69,420
Other Income: $3,471
Total Income: $72,891
Mulligans
5 vs 5 Forward
Center Left Wing Right Wing Time % Phy DF OF
1 Anton Lander Sven Baertschi Logan Shaw 40 1 2 2
2 Maxime Macenauer Reid Boucher Joonas Donskoi 30 1 2 2
3 Robby Fabbri Brett Seney Valeri Nichushkin 20 1 2 2
4 Jonny Brodzinski Cristiano Digiacinto Conor Garland 10 1 2 2
5 vs 5 Defense
Defense Defense Time % Phy DF OF
1 Ben Hutton Brandon Carlo 40 1 2 2
2 Darren Dietz Ilya Lyubushkin 30 1 2 2
3 Robbie Russo Christian Wolanin 20 1 2 2
4 Ben Hutton Brandon Carlo 10 1 2 2
PowerPlay Forward
Center Left Wing Right Wing Time % Phy DF OF
1 Anton Lander Sven Baertschi Logan Shaw 60 1 2 2
2 Maxime Macenauer Reid Boucher Joonas Donskoi 40 1 2 2
PowerPlay Defense
Defense Defense Time % Phy DF OF
1 Ben Hutton Brandon Carlo 60 1 2 2
2 Darren Dietz Ilya Lyubushkin 40 1 2 2
Penalty Kill 4 Players Forward
Center Wing Time % Phy DF OF
1 Anton Lander Maxime Macenauer 60 1 2 2
2 Logan Shaw Sven Baertschi 40 1 2 2
Penalty Kill 4 Players Defense
Defense Defense Time % Phy DF OF
1 Ben Hutton Brandon Carlo 60 1 2 2
2 Darren Dietz Ilya Lyubushkin 40 1 2 2
Penalty Kill - 3 Players Forward
Forward Time % Phy DF OF
1 Anton Lander 60 1 2 2
2 Maxime Macenauer 40 1 2 2
Penalty Kill - 3 Players Defense
Defense Defense Time % Phy DF OF
1 Ben Hutton Brandon Carlo 60 1 2 2
2 Darren Dietz Ilya Lyubushkin 40 1 2 2
4 vs 4 Forward
Center Wing Time % Phy DF OF
1 Anton Lander Maxime Macenauer 60 1 2 2
2 Logan Shaw Sven Baertschi 40 1 2 2
4 vs 4 Defense
Defense Defense Time % Phy DF OF
1 Ben Hutton Brandon Carlo 60 1 2 2
2 Darren Dietz Ilya Lyubushkin 40 1 2 2
Last Minutes Offensive
Center Left Wing Right Wing Defense Defense
Anton Lander Sven Baertschi Logan Shaw Ben Hutton Brandon Carlo
Last Minutes Defensive
Center Left Wing Right Wing Defense Defense
Anton Lander Sven Baertschi Logan Shaw Ben Hutton Brandon Carlo
Goaltenders
Starting : Calvin Pickard
Backup : Juuse Saros
Extra Forwards
Normal : Valeri Nichushkin, Robby Fabbri, Jonny Brodzinski - PP : Valeri Nichushkin, Robby Fabbri - PK : Jonny Brodzinski
Extra Defensemen
Normal : Robbie Russo, Christian Wolanin, Darren Dietz - PP : Robbie Russo - PK : Christian Wolanin, Darren Dietz
Penalty Shots
Anton Lander, Maxime Macenauer, Logan Shaw, Sven Baertschi, Joonas Donskoi
Scratches
Dalton Thrower (Healthy), Alexander Dergachyov (Healthy), Sam Bennett (Broken Bone (Left Foot) Injury)
Sasquatch
5 vs 5 Forward
Center Left Wing Right Wing Time % Phy DF OF
1 Devin Shore Jujhar Khaira Timo Meier 40 1 2 2
2 T.J. Tynan Roope Hintz Petr Straka 30 1 2 2
3 Jack Roslovic Jacob De La Rose Martin Frk 20 1 2 2
4 Christoffer Ehn Valentin Zykov Dylan Sikura 10 1 2 2
5 vs 5 Defense
Defense Defense Time % Phy DF OF
1 Patrick Wey Brandon Montour 40 1 2 2
2 Martin Marincin Tony DeAngelo 30 1 2 2
3 Roland McKeown Ethan Bear 20 1 2 2
4 Patrick Wey Martin Marincin 10 1 2 2
PowerPlay Forward
Center Left Wing Right Wing Time % Phy DF OF
1 Devin Shore Jujhar Khaira Timo Meier 60 1 2 2
2 T.J. Tynan Valentin Zykov Petr Straka 40 1 2 2
PowerPlay Defense
Defense Defense Time % Phy DF OF
1 Brandon Montour Tony DeAngelo 60 1 2 2
2 Patrick Wey Ethan Bear 40 1 2 2
Penalty Kill 4 Players Forward
Center Wing Time % Phy DF OF
1 Christoffer Ehn Jacob De La Rose 60 1 2 2
2 T.J. Tynan Roope Hintz 40 1 2 2
Penalty Kill 4 Players Defense
Defense Defense Time % Phy DF OF
1 Martin Marincin Brandon Montour 60 1 2 2
2 Tony DeAngelo Roland McKeown 40 1 2 2
Penalty Kill - 3 Players Forward
Forward Time % Phy DF OF
1 Christoffer Ehn 60 1 2 2
2 Jacob De La Rose 40 1 2 2
Penalty Kill - 3 Players Defense
Defense Defense Time % Phy DF OF
1 Roland McKeown Martin Marincin 60 1 2 2
2 Brandon Montour Tony DeAngelo 40 1 2 2
4 vs 4 Forward
Center Wing Time % Phy DF OF
1 Devin Shore Jujhar Khaira 60 1 2 2
2 T.J. Tynan Petr Straka 40 1 2 2
4 vs 4 Defense
Defense Defense Time % Phy DF OF
1 Patrick Wey Martin Marincin 60 1 2 2
2 Brandon Montour Tony DeAngelo 40 1 2 2
Last Minutes Offensive
Center Left Wing Right Wing Defense Defense
Devin Shore Jujhar Khaira Timo Meier Patrick Wey Tony DeAngelo
Last Minutes Defensive
Center Left Wing Right Wing Defense Defense
Christoffer Ehn Jacob De La Rose Dylan Sikura Brandon Montour Martin Marincin
Goaltenders
Starting : Joonas Korpisalo
Backup : Anders Nilsson
Extra Forwards
Normal : T.J. Tynan, Valentin Zykov, Jack Roslovic - PP : T.J. Tynan, Valentin Zykov - PK : Devin Shore
Extra Defensemen
Normal : Roland McKeown, Ethan Bear, Brandon Montour - PP : Roland McKeown - PK : Ethan Bear, Brandon Montour
Penalty Shots
Jack Roslovic, Devin Shore, Petr Straka, T.J. Tynan, Roope Hintz
Scratches
Colin White (Healthy), Collin Miller (Healthy), Scott Wilson (Healthy), Adam Clendening (Healthy), Nikita Nesterov (Healthy)
Hudson Fasching (Healthy), Eamon McAdam (Healthy)
% Time on Ice - Mulligans
Lines # - Real PCT - Wanted PCT - Time Play
Normal Forward
1 - 36% - 40% - 20:02
2 - 29% - 30% - 16:07
3 - 18% - 20% - 10:18
4 - 17% - 10% - 9:21
Normal Defense
1 - 35% - 40% - 19:41
2 - 32% - 30% - 18:03
3 - 24% - 20% - 13:32
4 - 8% - 10% - 4:32
PP Forward
1 - 54% - 60% - 1:04
2 - 46% - 40% - 0:55
PP Defense
1 - 50% - 60% - 1:00
2 - 50% - 40% - 0:59
PK Forward
1 - 95% - 60% - 2:06
2 - 5% - 40% - 0:07
PK Defense
1 - 100% - 60% - 2:13
2 - 0% - 40% - 0:00
PK3 Forward
1 - 0% - 60%
2 - 0% - 40%
PK3 Defense
1 - 0% - 60%
2 - 0% - 40%
44 Forward
1 - 0% - 60%
2 - 0% - 40%
44 Defense
1 - 0% - 60%
2 - 0% - 40%
Last Minute Offensive - 0:00
Last Minute Defensive - 0:00
Total
Forward - 60:00
Defense - 60:00
|
% Time on Ice - Sasquatch
Lines # - Real PCT - Wanted PCT - Time Play
Normal Forward
1 - 37% - 40% - 20:28
2 - 29% - 30% - 16:04
3 - 21% - 20% - 11:52
4 - 13% - 10% - 7:24
Normal Defense
1 - 36% - 40% - 20:15
2 - 30% - 30% - 16:31
3 - 23% - 20% - 12:48
4 - 11% - 10% - 6:14
PP Forward
1 - 52% - 60% - 1:09
2 - 48% - 40% - 1:04
PP Defense
1 - 44% - 60% - 0:59
2 - 56% - 40% - 1:14
PK Forward
1 - 89% - 60% - 1:46
2 - 11% - 40% - 0:13
PK Defense
1 - 64% - 60% - 1:16
2 - 36% - 40% - 0:43
PK3 Forward
1 - 0% - 60%
2 - 0% - 40%
PK3 Defense
1 - 0% - 60%
2 - 0% - 40%
44 Forward
1 - 0% - 60%
2 - 0% - 40%
44 Defense
1 - 0% - 60%
2 - 0% - 40%
Last Minute Offensive - 0:00
Last Minute Defensive - 0:00
Total
Forward - 60:00
Defense - 60:00
|
Play-by-Play
1st period
0:01 of 1st period - Devin Shore wins face-off versus Anton Lander in neutral zone.
0:08 of 1st period - Snap shot by Logan Shaw.
0:08 of 1st period - Shot Misses the Net.
0:12 of 1st period - Snap shot by Logan Shaw.
0:12 of 1st period - Shot Misses the Net.
0:37 of 1st period - Roope Hintz is hit by Maxime Macenauer and loses puck.
0:49 of 1st period - Icing by Valeri Nichushkin.
0:50 of 1st period - Robby Fabbri wins face-off versus Jack Roslovic in Mulligans zone.
2:05 of 1st period - Icing by Conor Garland.
2:06 of 1st period - T.J. Tynan wins face-off versus Jonny Brodzinski in Mulligans zone.
2:11 of 1st period - Roland McKeown is hit by Robbie Russo.
2:34 of 1st period - Slapshot by T.J. Tynan.
2:34 of 1st period - Stopped by Calvin Pickard with a rebound.
4:08 of 1st period - Wrist shot by Jonny Brodzinski.
4:08 of 1st period - Shot Blocked by Ethan Bear.
4:10 of 1st period - Slapshot by Robbie Russo.
4:10 of 1st period - Shot Misses the Net.
4:12 of 1st period - Snap shot by Robbie Russo.
4:12 of 1st period - Shot Blocked by Roland McKeown.
4:14 of 1st period - Snap shot by Cristiano Digiacinto.
4:14 of 1st period - Stopped by Joonas Korpisalo without a rebound.
4:15 of 1st period - Devin Shore wins face-off versus Anton Lander in Sasquatch zone.
4:19 of 1st period - Off-side.
4:20 of 1st period - Anton Lander wins face-off versus Devin Shore in neutral zone.
4:28 of 1st period - Minor Penalty to Devin Shore for Holding Stick.
4:29 of 1st period - Christoffer Ehn wins face-off versus Anton Lander in Sasquatch zone.
5:09 of 1st period - Wrist shot by Maxime Macenauer.
5:09 of 1st period - Deflect By Reid Boucher.
5:09 of 1st period - Stopped by Joonas Korpisalo with a rebound.
5:11 of 1st period - Snap shot by Reid Boucher.
5:11 of 1st period - Stopped by Joonas Korpisalo with a rebound.
6:28 of 1st period - Penalty to Devin Shore is over, Devin Shore is back on ice.
8:07 of 1st period - Sven Baertschi is hit by Dylan Sikura and loses puck.
8:26 of 1st period - Snap shot by Jack Roslovic.
8:26 of 1st period - Shot Blocked by Ben Hutton.
9:19 of 1st period - Logan Shaw is hit by Christoffer Ehn and loses puck.
9:43 of 1st period - Maxime Macenauer is hit by Martin Marincin.
9:49 of 1st period - Martin Marincin is hit by Ben Hutton and loses puck.
9:56 of 1st period - Brandon Carlo is hit by Tony DeAngelo and loses puck.
10:25 of 1st period - Icing by Maxime Macenauer.
10:26 of 1st period - Devin Shore wins face-off versus Maxime Macenauer in Mulligans zone.
10:35 of 1st period - Wrist shot by Jujhar Khaira.
10:35 of 1st period - Stopped by Calvin Pickard with a rebound.
10:37 of 1st period - Snap shot by Jujhar Khaira.
10:37 of 1st period - Shot Misses the Net.
10:39 of 1st period - Snap shot by Devin Shore.
10:39 of 1st period - Goal by Devin Shore - Mulligans : 0 - Sasquatch : 1.
10:40 of 1st period - Robby Fabbri wins face-off versus Devin Shore in neutral zone.
11:13 of 1st period - Snap shot by Robby Fabbri.
11:13 of 1st period - Stopped by Joonas Korpisalo without a rebound.
11:14 of 1st period - Jonny Brodzinski wins face-off versus Timo Meier in Sasquatch zone.
11:19 of 1st period - Slapshot by Darren Dietz.
11:19 of 1st period - Deflect By Jonny Brodzinski.
11:19 of 1st period - Stopped by Joonas Korpisalo with a rebound.
11:25 of 1st period - Slapshot by Devin Shore.
11:25 of 1st period - Shot Blocked by Ilya Lyubushkin.
11:27 of 1st period - Slapshot by Devin Shore.
11:27 of 1st period - Shot Misses the Net.
11:29 of 1st period - Slapshot by Patrick Wey.
11:29 of 1st period - Shot Blocked by Cristiano Digiacinto.
11:39 of 1st period - Cristiano Digiacinto is hit by Brandon Montour and loses puck.
11:48 of 1st period - Slapshot by Ben Hutton.
11:48 of 1st period - Shot Misses the Net.
11:50 of 1st period - Slapshot by Ben Hutton.
11:50 of 1st period - Stopped by Joonas Korpisalo with a rebound.
11:52 of 1st period - Snap shot by Cristiano Digiacinto.
11:52 of 1st period - Stopped by Joonas Korpisalo with a rebound.
11:54 of 1st period - Slapshot by Brandon Carlo.
11:54 of 1st period - Shot Blocked by T.J. Tynan.
12:27 of 1st period - Snap shot by Petr Straka.
12:27 of 1st period - Stopped by Calvin Pickard with a rebound.
12:29 of 1st period - Slapshot by Roope Hintz.
12:29 of 1st period - Goal by Roope Hintz - Mulligans : 0 - Sasquatch : 2.
12:30 of 1st period - Anton Lander wins face-off versus Jujhar Khaira in neutral zone.
12:49 of 1st period - Anton Lander is hit by Timo Meier and loses puck.
13:00 of 1st period - Slapshot by Valentin Zykov.
13:00 of 1st period - Shot Blocked by Brandon Carlo.
13:02 of 1st period - Snap shot by Christoffer Ehn.
13:02 of 1st period - Stopped by Calvin Pickard with a rebound.
13:04 of 1st period - Backhand shot by Christoffer Ehn.
13:04 of 1st period - Shot Misses the Net.
13:06 of 1st period - Snap shot by Christoffer Ehn.
13:06 of 1st period - Stopped by Calvin Pickard without a rebound.
13:07 of 1st period - Christoffer Ehn wins face-off versus Maxime Macenauer in Mulligans zone.
13:14 of 1st period - Snap shot by Valentin Zykov.
13:14 of 1st period - Shot Misses the Net.
13:16 of 1st period - Snap shot by Christoffer Ehn.
13:16 of 1st period - Shot Blocked by Darren Dietz.
13:18 of 1st period - Wrist shot by Dylan Sikura.
13:18 of 1st period - Goal by Dylan Sikura - Mulligans : 0 - Sasquatch : 3.
13:19 of 1st period - Devin Shore wins face-off versus Anton Lander in neutral zone.
14:24 of 1st period - Off-side.
14:25 of 1st period - Jonny Brodzinski wins face-off versus T.J. Tynan in neutral zone.
14:40 of 1st period - Slapshot by Patrick Wey.
14:40 of 1st period - Shot Blocked by Ilya Lyubushkin.
14:50 of 1st period - Brandon Montour is hit by Darren Dietz and loses puck.
15:15 of 1st period - Robbie Russo is hit by Martin Marincin and loses puck.
15:20 of 1st period - Wrist shot by Jack Roslovic.
15:20 of 1st period - Shot Misses the Net.
15:22 of 1st period - Slapshot by Roland McKeown.
15:22 of 1st period - Stopped by Calvin Pickard with a rebound.
15:24 of 1st period - Slapshot by Ethan Bear.
15:24 of 1st period - Shot Blocked by Christian Wolanin.
15:26 of 1st period - Snap shot by Jack Roslovic.
15:26 of 1st period - Stopped by Calvin Pickard with a rebound.
15:28 of 1st period - Wrist shot by Jack Roslovic.
15:28 of 1st period - Shot Misses the Net.
15:49 of 1st period - Snap shot by T.J. Tynan.
15:49 of 1st period - Shot Misses the Net.
15:51 of 1st period - Backhand shot by T.J. Tynan.
15:51 of 1st period - Shot Blocked by Christian Wolanin.
16:01 of 1st period - Maxime Macenauer is hit by Patrick Wey and loses puck.
16:25 of 1st period - Icing by Joonas Donskoi.
16:26 of 1st period - Jack Roslovic wins face-off versus Maxime Macenauer in Mulligans zone.
16:31 of 1st period - Wrist shot by Jack Roslovic.
16:31 of 1st period - Shot Misses the Net.
16:33 of 1st period - Slapshot by Jacob De La Rose.
16:33 of 1st period - Stopped by Calvin Pickard without a rebound.
16:34 of 1st period - Anton Lander wins face-off versus Timo Meier in Mulligans zone.
16:49 of 1st period - Anton Lander is hit by Timo Meier and loses puck.
17:00 of 1st period - Wrist shot by Jack Roslovic.
17:00 of 1st period - Shot Blocked by Brandon Carlo.
17:06 of 1st period - Slapshot by Martin Frk.
17:06 of 1st period - Stopped by Calvin Pickard with a rebound.
17:30 of 1st period - Slapshot by Ben Hutton.
17:30 of 1st period - Deflect By Jonny Brodzinski.
17:30 of 1st period - Shot Misses the Net.
17:30 of 1st period - Puck is out of play.
17:31 of 1st period - Devin Shore wins face-off versus Anton Lander in Sasquatch zone.
18:07 of 1st period - Slapshot by Jack Roslovic.
18:07 of 1st period - Goal by Jack Roslovic - Mulligans : 0 - Sasquatch : 4.
18:07 of 1st period - Juuse Saros enters game.
18:08 of 1st period - Devin Shore wins face-off versus Anton Lander in neutral zone.
18:40 of 1st period - Minor Penalty to Valeri Nichushkin for Hooking.
18:41 of 1st period - T.J. Tynan wins face-off versus Anton Lander in Mulligans zone.
18:46 of 1st period - Slapshot by Tony DeAngelo.
18:46 of 1st period - Shot Blocked by Maxime Macenauer.
18:48 of 1st period - Backhand shot by Petr Straka.
18:48 of 1st period - Shot Misses the Net.
18:50 of 1st period - Snap shot by T.J. Tynan.
18:50 of 1st period - Goal by T.J. Tynan - Mulligans : 0 - Sasquatch : 5.
18:51 of 1st period - Anton Lander wins face-off versus Devin Shore in neutral zone.
19:27 of 1st period - T.J. Tynan is hit by Ben Hutton and loses puck.
19:48 of 1st period - Wrist shot by Anton Lander.
19:48 of 1st period - Stopped by Joonas Korpisalo without a rebound.
19:49 of 1st period - Maxime Macenauer wins face-off versus Devin Shore in Sasquatch zone.
19:58 of 1st period - Wrist shot by Joonas Donskoi.
19:58 of 1st period - Shot Misses the Net.
Goals for this period are 0 for Mulligans vs 5 for Sasquatch.
Shots for this period are 8 for Mulligans vs 14 for Sasquatch.
2nd period
0:01 of 2nd period - Devin Shore wins face-off versus Anton Lander in neutral zone.
0:04 of 2nd period - Wrist shot by Patrick Wey.
0:04 of 2nd period - Deflect By Logan Shaw.
0:04 of 2nd period - Stopped by Juuse Saros without a rebound.
0:05 of 2nd period - Anton Lander wins face-off versus Devin Shore in Mulligans zone.
0:05 of 2nd period - Anton Lander is hit by Martin Marincin.
0:25 of 2nd period - Sven Baertschi is hit by Jujhar Khaira and loses puck.
1:16 of 2nd period - Slapshot by Ben Hutton.
1:16 of 2nd period - Deflect By Logan Shaw.
1:16 of 2nd period - Shot Misses the Net.
1:16 of 2nd period - Puck is out of play.
1:17 of 2nd period - Jack Roslovic wins face-off versus Reid Boucher in Sasquatch zone.
1:42 of 2nd period - T.J. Tynan is hit by Darren Dietz and loses puck.
3:13 of 2nd period - Dylan Sikura is hit by Maxime Macenauer and loses puck.
3:40 of 2nd period - Slapshot by Ben Hutton.
3:40 of 2nd period - Shot Misses the Net.
3:42 of 2nd period - Slapshot by Brandon Carlo.
3:42 of 2nd period - Shot Misses the Net.
3:44 of 2nd period - Slapshot by Ben Hutton.
3:44 of 2nd period - Stopped by Joonas Korpisalo without a rebound.
3:45 of 2nd period - Maxime Macenauer wins face-off versus Jack Roslovic in Sasquatch zone.
4:39 of 2nd period - Snap shot by Roope Hintz.
4:39 of 2nd period - Shot Misses the Net.
4:41 of 2nd period - Slapshot by Ethan Bear.
4:41 of 2nd period - Shot Blocked by Brett Seney.
4:43 of 2nd period - Slapshot by Ethan Bear.
4:43 of 2nd period - Shot Blocked by Robby Fabbri.
4:53 of 2nd period - Darren Dietz is hit by Valentin Zykov and loses puck.
5:20 of 2nd period - Wrist shot by Brett Seney.
5:20 of 2nd period - Shot Blocked by Tony DeAngelo.
5:54 of 2nd period - Martin Marincin is hit by Maxime Macenauer.
6:04 of 2nd period - Snap shot by Jack Roslovic.
6:04 of 2nd period - Shot Misses the Net.
6:08 of 2nd period - Slapshot by Martin Frk.
6:08 of 2nd period - Shot Misses the Net.
6:13 of 2nd period - Minor Penalty to Reid Boucher for Tripping.
6:14 of 2nd period - Devin Shore wins face-off versus Anton Lander in Mulligans zone.
6:16 of 2nd period - Slapshot by Jujhar Khaira.
6:16 of 2nd period - Shot Blocked by Brandon Carlo.
6:28 of 2nd period - Snap shot by Maxime Macenauer.
6:28 of 2nd period - Shot Blocked by Ethan Bear.
6:40 of 2nd period - Brandon Carlo is hit by T.J. Tynan and loses puck.
8:13 of 2nd period - Penalty to Reid Boucher is over, Reid Boucher is back on ice.
8:34 of 2nd period - Wrist shot by Dylan Sikura.
8:34 of 2nd period - Shot Misses the Net.
8:46 of 2nd period - Jacob De La Rose is hit by Robbie Russo and loses puck.
9:02 of 2nd period - Off-side.
9:03 of 2nd period - Anton Lander wins face-off versus Dylan Sikura in neutral zone.
9:06 of 2nd period - Dylan Sikura is hit by Darren Dietz and loses puck.
10:11 of 2nd period - Wrist shot by Joonas Donskoi.
10:11 of 2nd period - Goal by Joonas Donskoi - Mulligans : 1 - Sasquatch : 5.
10:12 of 2nd period - Devin Shore wins face-off versus Logan Shaw in neutral zone.
10:39 of 2nd period - Roope Hintz is hit by Maxime Macenauer and loses puck.
11:00 of 2nd period - Backhand shot by Martin Frk.
11:00 of 2nd period - Shot Misses the Net.
11:02 of 2nd period - Snap shot by Martin Frk.
11:02 of 2nd period - Shot Misses the Net.
11:04 of 2nd period - Wrist shot by Jacob De La Rose.
11:04 of 2nd period - Shot Misses the Net.
11:06 of 2nd period - Slapshot by Martin Frk.
11:06 of 2nd period - Stopped by Juuse Saros without a rebound.
11:07 of 2nd period - Devin Shore wins face-off versus Anton Lander in Mulligans zone.
11:12 of 2nd period - Wrist shot by Jujhar Khaira.
11:12 of 2nd period - Stopped by Juuse Saros without a rebound.
11:13 of 2nd period - Anton Lander wins face-off versus Devin Shore in Mulligans zone.
11:13 of 2nd period - Anton Lander is hit by Jujhar Khaira.
11:27 of 2nd period - Wrist shot by Logan Shaw.
11:27 of 2nd period - Shot Misses the Net.
11:29 of 2nd period - Wrist shot by Anton Lander.
11:29 of 2nd period - Stopped by Joonas Korpisalo with a rebound.
12:18 of 2nd period - Minor Penalty to Ben Hutton for Boarding.
12:19 of 2nd period - Devin Shore wins face-off versus Anton Lander in Mulligans zone.
12:20 of 2nd period - Wrist shot by Jujhar Khaira.
12:20 of 2nd period - Shot Misses the Net.
12:22 of 2nd period - Snap shot by Devin Shore.
12:22 of 2nd period - Goal by Devin Shore - Mulligans : 1 - Sasquatch : 6.
12:23 of 2nd period - Devin Shore wins face-off versus Anton Lander in neutral zone.
12:27 of 2nd period - Off-side.
12:28 of 2nd period - Anton Lander wins face-off versus Timo Meier in neutral zone.
12:52 of 2nd period - Off-side.
12:53 of 2nd period - T.J. Tynan wins face-off versus Maxime Macenauer in neutral zone.
13:03 of 2nd period - T.J. Tynan is hit by Ilya Lyubushkin.
13:43 of 2nd period - Jack Roslovic is hit by Robby Fabbri and loses puck.
13:48 of 2nd period - Slapshot by Brett Seney.
13:48 of 2nd period - Deflect By Valeri Nichushkin.
13:48 of 2nd period - Shot Blocked by Patrick Wey.
13:48 of 2nd period - Puck is out of play.
13:49 of 2nd period - Maxime Macenauer wins face-off versus Jujhar Khaira in Sasquatch zone.
14:21 of 2nd period - Wrist shot by Petr Straka.
14:21 of 2nd period - Goal by Petr Straka - Mulligans : 1 - Sasquatch : 7.
14:22 of 2nd period - Devin Shore wins face-off versus Anton Lander in neutral zone.
14:33 of 2nd period - Wrist shot by Devin Shore.
14:33 of 2nd period - Shot Blocked by Sven Baertschi.
14:54 of 2nd period - Slapshot by Ilya Lyubushkin.
14:54 of 2nd period - Deflect By Reid Boucher.
14:54 of 2nd period - Stopped by Joonas Korpisalo with a rebound.
14:56 of 2nd period - Slapshot by Darren Dietz.
14:56 of 2nd period - Stopped by Joonas Korpisalo with a rebound.
15:28 of 2nd period - Slapshot by Martin Marincin.
15:28 of 2nd period - Shot Misses the Net.
15:34 of 2nd period - Snap shot by Logan Shaw.
15:34 of 2nd period - Stopped by Joonas Korpisalo without a rebound.
15:35 of 2nd period - Devin Shore wins face-off versus Anton Lander in Sasquatch zone.
15:39 of 2nd period - Tony DeAngelo is hit by Brandon Carlo and loses puck.
16:06 of 2nd period - Slapshot by Tony DeAngelo.
16:06 of 2nd period - Stopped by Juuse Saros without a rebound.
16:07 of 2nd period - Roope Hintz wins face-off versus Robby Fabbri in Mulligans zone.
16:45 of 2nd period - Wrist shot by Dylan Sikura.
16:45 of 2nd period - Deflect By Valentin Zykov.
16:45 of 2nd period - Shot Blocked by Robbie Russo.
16:45 of 2nd period - Puck is out of play.
16:46 of 2nd period - Christoffer Ehn wins face-off versus Anton Lander in Mulligans zone.
16:55 of 2nd period - Wrist shot by Sven Baertschi.
16:55 of 2nd period - Stopped by Joonas Korpisalo without a rebound.
16:56 of 2nd period - Logan Shaw wins face-off versus Jujhar Khaira in Sasquatch zone.
17:01 of 2nd period - Snap shot by Anton Lander.
17:01 of 2nd period - Stopped by Joonas Korpisalo with a rebound.
17:03 of 2nd period - Slapshot by Ben Hutton.
17:03 of 2nd period - Shot Misses the Net.
17:05 of 2nd period - Wrist shot by Logan Shaw.
17:05 of 2nd period - Shot Misses the Net.
17:07 of 2nd period - Slapshot by Ben Hutton.
17:07 of 2nd period - Shot Misses the Net.
17:09 of 2nd period - Slapshot by Logan Shaw.
17:09 of 2nd period - Deflect By Anton Lander.
17:09 of 2nd period - Stopped by Joonas Korpisalo with a rebound.
17:11 of 2nd period - Snap shot by Sven Baertschi.
17:11 of 2nd period - Shot Misses the Net.
17:13 of 2nd period - Wrist shot by Brandon Carlo.
17:13 of 2nd period - Stopped by Joonas Korpisalo with a rebound.
17:15 of 2nd period - Wrist shot by Brandon Carlo.
17:15 of 2nd period - Shot Misses the Net.
17:17 of 2nd period - Slapshot by Ben Hutton.
17:17 of 2nd period - Shot Blocked by Brandon Montour.
17:19 of 2nd period - Snap shot by Sven Baertschi.
17:19 of 2nd period - Shot Blocked by Devin Shore.
17:21 of 2nd period - Slapshot by Ben Hutton.
17:21 of 2nd period - Shot Misses the Net.
17:23 of 2nd period - Snap shot by Logan Shaw.
17:23 of 2nd period - Stopped by Joonas Korpisalo with a rebound.
17:25 of 2nd period - Slapshot by Ben Hutton.
17:25 of 2nd period - Deflect By Sven Baertschi.
17:25 of 2nd period - Stopped by Joonas Korpisalo with a rebound.
17:27 of 2nd period - Slapshot by Logan Shaw.
17:27 of 2nd period - Stopped by Joonas Korpisalo with a rebound.
17:29 of 2nd period - Snap shot by Sven Baertschi.
17:29 of 2nd period - Shot Misses the Net.
17:39 of 2nd period - Snap shot by Jujhar Khaira.
17:39 of 2nd period - Stopped by Juuse Saros without a rebound.
17:40 of 2nd period - T.J. Tynan wins face-off versus Maxime Macenauer in Mulligans zone.
17:52 of 2nd period - Snap shot by T.J. Tynan.
17:52 of 2nd period - Stopped by Juuse Saros with a rebound.
17:54 of 2nd period - Snap shot by Roope Hintz.
17:54 of 2nd period - Shot Misses the Net.
18:28 of 2nd period - Snap shot by Jonny Brodzinski.
18:28 of 2nd period - Stopped by Joonas Korpisalo without a rebound.
18:29 of 2nd period - Christoffer Ehn wins face-off versus Jonny Brodzinski in Sasquatch zone.
19:39 of 2nd period - Slapshot by Maxime Macenauer.
19:39 of 2nd period - Shot Blocked by Tony DeAngelo.
19:43 of 2nd period - Wrist shot by Maxime Macenauer.
19:43 of 2nd period - Deflect By Tony DeAngelo.
19:43 of 2nd period - Stopped by Joonas Korpisalo without a rebound.
19:44 of 2nd period - Devin Shore wins face-off versus Anton Lander in Sasquatch zone.
19:57 of 2nd period - Snap shot by Jujhar Khaira.
19:57 of 2nd period - Stopped by Juuse Saros with a rebound.
19:59 of 2nd period - Snap shot by Timo Meier.
19:59 of 2nd period - Deflect By Devin Shore.
19:59 of 2nd period - Shot Blocked by Brandon Carlo.
19:59 of 2nd period - Puck is out of play.
Goals for this period are 1 for Mulligans vs 2 for Sasquatch.
Shots for this period are 15 for Mulligans vs 9 for Sasquatch.
3rd period
0:01 of 3rd period - Anton Lander wins face-off versus Devin Shore in neutral zone.
0:06 of 3rd period - Snap shot by Logan Shaw.
0:06 of 3rd period - Shot Blocked by Brandon Montour.
0:08 of 3rd period - Slapshot by Ben Hutton.
0:08 of 3rd period - Stopped by Joonas Korpisalo with a rebound.
0:10 of 3rd period - Slapshot by Brandon Carlo.
0:10 of 3rd period - Stopped by Joonas Korpisalo with a rebound.
0:12 of 3rd period - Snap shot by Sven Baertschi.
0:12 of 3rd period - Deflect By Logan Shaw.
0:12 of 3rd period - Shot Misses the Net.
0:12 of 3rd period - Puck is out of play.
0:13 of 3rd period - Anton Lander wins face-off versus Devin Shore in Sasquatch zone.
0:48 of 3rd period - Snap shot by Petr Straka.
0:48 of 3rd period - Stopped by Juuse Saros without a rebound.
0:49 of 3rd period - Anton Lander wins face-off versus Jack Roslovic in Mulligans zone.
0:49 of 3rd period - Anton Lander is hit by Jacob De La Rose.
0:54 of 3rd period - Off-side.
0:55 of 3rd period - Jack Roslovic wins face-off versus Anton Lander in neutral zone.
0:58 of 3rd period - Darren Dietz is hit by Jack Roslovic and loses puck.
1:05 of 3rd period - Martin Frk is hit by Sven Baertschi and loses puck.
1:37 of 3rd period - Snap shot by Jack Roslovic.
1:37 of 3rd period - Shot Misses the Net.
1:49 of 3rd period - Snap shot by Sven Baertschi.
1:49 of 3rd period - Stopped by Joonas Korpisalo with a rebound.
2:01 of 3rd period - Slapshot by Jack Roslovic.
2:01 of 3rd period - Stopped by Juuse Saros without a rebound.
2:02 of 3rd period - Devin Shore wins face-off versus Maxime Macenauer in Mulligans zone.
2:05 of 3rd period - Slapshot by Devin Shore.
2:05 of 3rd period - Stopped by Juuse Saros without a rebound.
2:06 of 3rd period - Maxime Macenauer wins face-off versus Devin Shore in Mulligans zone.
2:53 of 3rd period - Off-side.
2:54 of 3rd period - Christoffer Ehn wins face-off versus Jonny Brodzinski in neutral zone.
2:57 of 3rd period - Wrist shot by Valentin Zykov.
2:57 of 3rd period - Deflect By Dylan Sikura.
2:57 of 3rd period - Shot Misses the Net.
2:57 of 3rd period - Puck is out of play.
2:58 of 3rd period - Christoffer Ehn wins face-off versus Jonny Brodzinski in Mulligans zone.
3:11 of 3rd period - Snap shot by Darren Dietz.
3:11 of 3rd period - Deflect By Jonny Brodzinski.
3:11 of 3rd period - Shot Blocked by Christoffer Ehn.
3:11 of 3rd period - Puck is out of play.
3:12 of 3rd period - Devin Shore wins face-off versus Maxime Macenauer in Sasquatch zone.
3:24 of 3rd period - Wrist shot by Maxime Macenauer.
3:24 of 3rd period - Shot Misses the Net.
3:26 of 3rd period - Snap shot by Maxime Macenauer.
3:26 of 3rd period - Stopped by Joonas Korpisalo without a rebound.
3:27 of 3rd period - Anton Lander wins face-off versus T.J. Tynan in Sasquatch zone.
3:53 of 3rd period - T.J. Tynan is hit by Brett Seney and loses puck.
4:02 of 3rd period - Snap shot by Valeri Nichushkin.
4:02 of 3rd period - Stopped by Joonas Korpisalo without a rebound.
4:03 of 3rd period - Devin Shore wins face-off versus Maxime Macenauer in Sasquatch zone.
4:03 of 3rd period - Devin Shore is hit by Reid Boucher.
4:12 of 3rd period - Off-side.
4:13 of 3rd period - Maxime Macenauer wins face-off versus Devin Shore in neutral zone.
4:28 of 3rd period - Wrist shot by Maxime Macenauer.
4:28 of 3rd period - Stopped by Joonas Korpisalo with a rebound.
4:37 of 3rd period - Icing by Brandon Carlo.
4:38 of 3rd period - T.J. Tynan wins face-off versus Maxime Macenauer in Mulligans zone.
4:59 of 3rd period - Snap shot by Maxime Macenauer.
4:59 of 3rd period - Shot Misses the Net.
5:01 of 3rd period - Slapshot by Reid Boucher.
5:01 of 3rd period - Shot Misses the Net.
5:03 of 3rd period - Snap shot by Maxime Macenauer.
5:03 of 3rd period - Shot Blocked by Martin Frk.
5:07 of 3rd period - Slapshot by Joonas Donskoi.
5:07 of 3rd period - Stopped by Joonas Korpisalo with a rebound.
5:09 of 3rd period - Slapshot by Ben Hutton.
5:09 of 3rd period - Shot Blocked by Jacob De La Rose.
5:11 of 3rd period - Wrist shot by Maxime Macenauer.
5:11 of 3rd period - Stopped by Joonas Korpisalo without a rebound.
5:12 of 3rd period - Devin Shore wins face-off versus Anton Lander in Sasquatch zone.
5:12 of 3rd period - Devin Shore is hit by Logan Shaw.
5:24 of 3rd period - Slapshot by Ilya Lyubushkin.
5:24 of 3rd period - Shot Misses the Net.
5:34 of 3rd period - Anton Lander is hit by Timo Meier and loses puck.
5:35 of 3rd period - Anton Lander from Mulligans is injured at 5:35 of 3rd period (Sore Right Knee).
5:36 of 3rd period - Devin Shore wins face-off versus Valeri Nichushkin in Mulligans zone.
5:37 of 3rd period - Wrist shot by Jujhar Khaira.
5:37 of 3rd period - Goal by Jujhar Khaira - Mulligans : 1 - Sasquatch : 8.
5:37 of 3rd period - Calvin Pickard enters game.
5:38 of 3rd period - Valeri Nichushkin wins face-off versus Devin Shore in neutral zone.
6:23 of 3rd period - Off-side.
6:24 of 3rd period - Jonny Brodzinski wins face-off versus Christoffer Ehn in neutral zone.
6:35 of 3rd period - Snap shot by Conor Garland.
6:35 of 3rd period - Shot Misses the Net.
6:37 of 3rd period - Slapshot by Conor Garland.
6:37 of 3rd period - Shot Blocked by Christoffer Ehn.
6:39 of 3rd period - Snap shot by Brandon Carlo.
6:39 of 3rd period - Deflect By Jonny Brodzinski.
6:39 of 3rd period - Stopped by Joonas Korpisalo with a rebound.
6:49 of 3rd period - Slapshot by Martin Marincin.
6:49 of 3rd period - Deflect By Valeri Nichushkin.
6:49 of 3rd period - Stopped by Calvin Pickard with a rebound.
6:55 of 3rd period - Valeri Nichushkin is hit by Devin Shore and loses puck.
7:34 of 3rd period - Snap shot by Joonas Donskoi.
7:34 of 3rd period - Stopped by Joonas Korpisalo with a rebound.
7:36 of 3rd period - Wrist shot by Reid Boucher.
7:36 of 3rd period - Stopped by Joonas Korpisalo with a rebound.
7:38 of 3rd period - Backhand shot by Ben Hutton.
7:38 of 3rd period - Shot Misses the Net.
7:40 of 3rd period - Slapshot by Brandon Carlo.
7:40 of 3rd period - Deflect By Maxime Macenauer.
7:40 of 3rd period - Shot Misses the Net.
7:40 of 3rd period - Puck is out of play.
7:41 of 3rd period - Valeri Nichushkin wins face-off versus Devin Shore in Sasquatch zone.
7:44 of 3rd period - Slapshot by Sven Baertschi.
7:44 of 3rd period - Shot Misses the Net.
7:46 of 3rd period - Slapshot by Valeri Nichushkin.
7:46 of 3rd period - Deflect By Logan Shaw.
7:46 of 3rd period - Stopped by Joonas Korpisalo with a rebound.
7:48 of 3rd period - Slapshot by Ilya Lyubushkin.
7:48 of 3rd period - Deflect By Roland McKeown.
7:48 of 3rd period - Stopped by Joonas Korpisalo with a rebound.
7:50 of 3rd period - Wrist shot by Logan Shaw.
7:50 of 3rd period - Shot Misses the Net.
7:59 of 3rd period - Icing by Jujhar Khaira.
8:00 of 3rd period - Maxime Macenauer wins face-off versus Devin Shore in Sasquatch zone.
8:31 of 3rd period - Slapshot by Petr Straka.
8:31 of 3rd period - Stopped by Calvin Pickard without a rebound.
8:32 of 3rd period - Jack Roslovic wins face-off versus Valeri Nichushkin in Mulligans zone.
8:59 of 3rd period - Slapshot by T.J. Tynan.
8:59 of 3rd period - Shot Blocked by Ben Hutton.
9:03 of 3rd period - Snap shot by Roope Hintz.
9:03 of 3rd period - Stopped by Calvin Pickard with a rebound.
9:05 of 3rd period - Snap shot by Roope Hintz.
9:05 of 3rd period - Shot Misses the Net.
9:07 of 3rd period - Snap shot by Roope Hintz.
9:07 of 3rd period - Stopped by Calvin Pickard with a rebound.
9:24 of 3rd period - Wrist shot by Maxime Macenauer.
9:24 of 3rd period - Stopped by Joonas Korpisalo without a rebound.
9:25 of 3rd period - Maxime Macenauer wins face-off versus Devin Shore in Sasquatch zone.
9:30 of 3rd period - Snap shot by Maxime Macenauer.
9:30 of 3rd period - Shot Misses the Net.
9:32 of 3rd period - Slapshot by Joonas Donskoi.
9:32 of 3rd period - Stopped by Joonas Korpisalo without a rebound.
9:33 of 3rd period - Devin Shore wins face-off versus Maxime Macenauer in Sasquatch zone.
9:38 of 3rd period - Timo Meier is hit by Joonas Donskoi and loses puck.
9:47 of 3rd period - Snap shot by Darren Dietz.
9:47 of 3rd period - Stopped by Joonas Korpisalo without a rebound.
9:48 of 3rd period - Valeri Nichushkin wins face-off versus T.J. Tynan in Sasquatch zone.
9:54 of 3rd period - Icing by T.J. Tynan.
9:55 of 3rd period - T.J. Tynan wins face-off versus Valeri Nichushkin in Sasquatch zone.
11:43 of 3rd period - Maxime Macenauer is hit by Roope Hintz and loses puck.
11:48 of 3rd period - Slapshot by Petr Straka.
11:48 of 3rd period - Stopped by Calvin Pickard without a rebound.
11:49 of 3rd period - T.J. Tynan wins face-off versus Valeri Nichushkin in Mulligans zone.
12:00 of 3rd period - T.J. Tynan is hit by Ilya Lyubushkin and loses puck.
12:19 of 3rd period - Off-side.
12:20 of 3rd period - Devin Shore wins face-off versus Jonny Brodzinski in neutral zone.
13:24 of 3rd period - Jujhar Khaira is hit by Darren Dietz and loses puck.
13:30 of 3rd period - Off-side.
13:31 of 3rd period - Devin Shore wins face-off versus Robby Fabbri in neutral zone.
13:36 of 3rd period - Slapshot by Martin Marincin.
13:36 of 3rd period - Shot Misses the Net.
13:38 of 3rd period - Wrist shot by Martin Marincin.
13:38 of 3rd period - Shot Misses the Net.
13:40 of 3rd period - Slapshot by Martin Marincin.
13:40 of 3rd period - Stopped by Calvin Pickard without a rebound.
13:41 of 3rd period - Devin Shore wins face-off versus Valeri Nichushkin in Mulligans zone.
14:30 of 3rd period - Darren Dietz is hit by Timo Meier.
14:40 of 3rd period - Martin Marincin is hit by Ilya Lyubushkin and loses puck.
15:14 of 3rd period - Martin Frk is hit by Ben Hutton and loses puck.
15:53 of 3rd period - Jonny Brodzinski is hit by Brandon Montour.
16:22 of 3rd period - Slapshot by Brandon Montour.
16:22 of 3rd period - Shot Misses the Net.
16:28 of 3rd period - Backhand shot by Maxime Macenauer.
16:28 of 3rd period - Shot Misses the Net.
16:42 of 3rd period - Brandon Montour is hit by Logan Shaw and loses puck.
16:58 of 3rd period - Snap shot by Jacob De La Rose.
16:58 of 3rd period - Stopped by Calvin Pickard with a rebound.
17:00 of 3rd period - Wrist shot by Martin Frk.
17:00 of 3rd period - Shot Misses the Net.
17:02 of 3rd period - Snap shot by Jack Roslovic.
17:02 of 3rd period - Stopped by Calvin Pickard with a rebound.
17:16 of 3rd period - Robbie Russo is hit by Christoffer Ehn and loses puck.
17:31 of 3rd period - Ilya Lyubushkin is hit by Timo Meier and loses puck.
17:50 of 3rd period - Roland McKeown is hit by Sven Baertschi and loses puck.
18:42 of 3rd period - Patrick Wey is hit by Logan Shaw and loses puck.
19:40 of 3rd period - Darren Dietz is hit by Jujhar Khaira and loses puck.
19:55 of 3rd period - Robbie Russo is hit by Petr Straka and loses puck.
Goals for this period are 0 for Mulligans vs 1 for Sasquatch.
Shots for this period are 16 for Mulligans vs 12 for Sasquatch.
Output by the SimonT Hockey Simulator (STHS) for Francois Prevost